 Dungeon Crawl Stone Soup version 0.29.1-13-g9f3cf754e1 (webtiles) character file.

Game seed: 7682084399715539650

114 croobank the Sneak (level 4, -4/33 HPs)
             Began as an Octopode Delver on Feb 11, 2023.
             Slain by a wraith (5 damage)
             ... in an ossuary.
             The game lasted 00:01:53 (241 turns).

croobank the Sneak (Octopode Delver)                 Turns: 241, Time: 00:01:53

Health: -4/33      AC:  8    Str: 15    XL:     4   Next: 97%
Magic:  4/4        EV: 13    Int:  7    God:
Gold:   41         SH:  0    Dex: 10    Spells: 3/3 levels left

rFire   . . .      SeeInvis +   c - +7 falchion "Camazeudgh" {protect, rC+++ Str+2 Int-5 Dex-3}
rCold   + + +      Faith    .   (no shield)
rNeg    . . .      Spirit   .   (helmet restricted)
rPois   .          Reflect  .   k - amulet of magic regeneration
rElec   .          Harm     .   h - ring of see invisible
rCorr   .          Rampage  .   (no ring)
Will    .....                   (no ring)
Stlth   ++++......              (no ring)
HPRegen 0.11/turn               (no ring)
MPRegen 0.49/turn               (no ring)
                                (no ring)
                                (no ring)

@: under a protective aura, slowed, very slow
A: almost no armour, amphibious, 8 rings, camouflage 1, gelatinous body 1,
(nimble swimmer 1), tentacles
a: no special abilities


You were in an ossuary.
You visited 1 branch of the dungeon, and saw 3 of its levels.
You also visited: Ossuary.

You collected 41 gold pieces.

Inventory:

Hand Weapons
 a - a +0 hand axe
 c - the +7 falchion "Camazeudgh" (weapon) {protect, rC+++ Str+2 Int-5 Dex-3}
   (You found it on level 4 of the Dungeon)

   It grants its wielder temporary protection when it strikes (+7 to AC).
   Str:       It affects your strength (+2).
   Int:       It affects your intelligence (-5).
   Dex:       It affects your dexterity (-3).
   rC:        It renders you almost immune to cold.
Missiles
 l - 5 poisoned darts (quivered)
Jewellery
 h - a ring of see invisible (left tentacle)
 k - an amulet of magic regeneration (around mantle)
Wands
 f - a wand of digging (3)
Scrolls
 b - a scroll of fog
 d - a scroll of fear
 j - a scroll of identify {unknown}
 m - 3 scrolls of teleportation {unknown}
Potions
 e - a potion of haste
 g - a potion of attraction {unknown}
 i - 2 potions of curing {unknown}


   Skills:
 + Level 3.7 Fighting
 + Level 2.9 Axes
 + Level 3.0 Dodging
 + Level 7.4 Stealth


You had 3 spell levels left.
You didn't know any spells.
Your spell library was empty.

Dungeon Overview and Level Annotations

Branches:
Dungeon (6/15)            Ossuary (1/1)
 Temple: D:4-7

Altars:

Annotations:
D:6 Sigmund


Innate Abilities, Weirdness & Mutations

You cannot wear most types of armour.
You are amphibious.
You can wear up to eight rings at the same time.
Your skin changes colour to match your surroundings (Stealth+).
Your rubbery body absorbs attacks. (AC +1, EV +1)
((You are camouflaged when in or above water. (Stealth+)))
You have tentacles for arms and can constrict up to eight enemies at once.


Message History

You constrict the goblin zombie. The goblin zombie closely misses you.
You hit the goblin zombie but do no damage.
You squeeze the goblin zombie.
You destroy the goblin zombie!
You hit the hobgoblin zombie. Your grab misses the hobgoblin zombie.
The hobgoblin zombie is severely damaged.
The hobgoblin zombie hits you. The hobgoblin zombie barely misses you.
You hit the hobgoblin zombie.
You destroy the hobgoblin zombie!
You open the door.
A wraith comes into view.
Found a scroll labelled DISOBA ZUCSUI.
The wraith misses you.
There is an open door here.
You barely miss the wraith. The wraith misses you.
You hit the wraith.
Your weapon exudes an aura of protection.
You squeeze the wraith!
The wraith is heavily damaged.
The wraith hits you.
You hit the wraith. You squeeze the wraith.
The wraith is severely damaged.
The wraith barely misses you. The wraith hits you!
The wraith drains your vigour!
You feel yourself slow down.
You hit the wraith but do no damage.
The wraith is severely damaged.
The wraith hits you!
* * * LOW HITPOINT WARNING * * *
The wraith hits you but does no damage.
You hit the wraith but do no damage.
The wraith is severely damaged.
The wraith closely misses you.
You hit the wraith. Your squeeze misses the wraith.
The wraith is almost destroyed.
The wraith hits you!
* * * LOW HITPOINT WARNING * * *
The wraith drains your vigour!
You feel as though you will be slow longer.
The wraith hits you.
You die...

.......... .......# #
##......# #.
+...8...#
#..####......###.
#................
#................
..#.#..#.#..#.#..# #
#..#@#..# .#
#..#W#..# ..#
..###..###..###..###
#....................
#....................
#############'''####
##...## ##.....##
####.......###


You could see a wraith.

Vanquished Creatures
  A black bear (D:4)
  An adder (D:4)
  2 ufetubi (D:5)
  A ball python (D:4)
  2 goblins (D:4)
  A goblin zombie (Ossuary)
  A hobgoblin zombie (Ossuary)
9 creatures vanquished.

Notes
Turn   | Place    | Note
-------+----------+-------------------------------------------
     0 | D:5      | croobank the Octopode Delver began the quest for the Orb.
     0 | D:5      | Reached XP level 1. HP: 16/16 MP: 1/1
    17 | D:6      | Noticed Sigmund
    70 | D:5      | Noticed a jelly
    77 | D:5      | Reached XP level 2. HP: 21/21 MP: 2/2
   105 | D:4      | Identified the +7 falchion "Camazeudgh" {protect, rC+++
                  | Str+2 Int-5 Dex-3}
   126 | D:4      | Reached XP level 3. HP: 22/26 MP: 3/3
   148 | D:4      | Noticed a black bear
   157 | D:4      | Killed a black bear
   158 | D:4      | Reached skill level 7 in Stealth
   158 | D:4      | Reached XP level 4. HP: 31/33 MP: 4/4
   205 | D:4      | Found a sand-covered staircase.
   210 | Ossuary  | Entered an ossuary
   210 | Ossuary  | Noticed a wraith
   210 | Ossuary  | Noticed a wraith
   210 | Ossuary  | Noticed a wraith
   234 | Ossuary  | Noticed a wraith
   241 | Ossuary  | HP: 1/33 [wraith (9)]
   241 | Ossuary  | Slain by a wraith

Illustrated notes

Levels and vault maps discovered:
D:4:      layout_basic, enter_ossuary_5
D:5:      layout_basic, dancing_weapons_uskayaw, uniq_ijyb
D:6:      layout_layer_cave, tso_altar, mainiacjoe_overflow_cross_hatched,
          nicolae_gozag_cash_rules_everything_around_me, dk_xom_monty_hall,
          lemuel_tele_altar, lemuel_doored_altar, uniq_sigmund
Ossuary:  ossuary_kennysheep_city_of_the_dead

Skill      XL: |  1  2  3 |
---------------+----------+-----
Dodging        | 3 |  3.0
Stealth        | 7 |  7.4
Fighting       | |  3.7
Axes           | |  2.9

Action                   |  1- 3 |  4- 6 || total
-------------------------+-------+-------++-------
Melee: Tentacles         |     2 |     3 ||     5
       Hand axe          |     2 |       ||     2
       Constrict         |     4 |     2 ||     6
       Falchion          |     8 |    12 ||    20
  Use: Scroll            |     1 |       ||     1
 Stab: Sleeping          |     3 |     1 ||     4
Armor: Skin              |     7 |     1 ||     8
Dodge: Dodged            |     9 |     8 ||    17
